 Dungeon Crawl Stone Soup version 0.27.1-4-g1640c2035a (webtiles) character file.

Game seed: 4830052569482924085

227 Stomo444 the Gusty (level 6, -2/30 HPs)
             Began as a Vine Stalker Air Elementalist on Nov 12, 2021.
             Slain by an orc warrior (4 damage)
             ... on level 3 of the Dungeon.
             The game lasted 00:10:54 (4480 turns).

Stomo444 the Gusty (Vine Stalker Air Elementalist)  Turns: 4480, Time: 00:10:55

Health: -2/30      AC:  3    Str: 12    XL:     6   Next: 2%
Magic:  0/11       EV: 12    Int: 15    God:
Gold:   117        SH:  0    Dex: 15    Spells: 8/11 levels left

rFire    . . .     SeeInvis .   m - +0 mace (vorpal)
rCold    . . .     Faith    .   (no shield)
rNeg     . . .     Spirit   +   a - +0 robe
rPois    .         Reflect  .   (no helmet)
rElec    .         Harm     .   g - +0 cloak
rCorr    .         Rampage  .   (no gloves)
Will     .....                  (no boots)
Stlth    ++........             (no amulet)
HPRegen  1.10/turn              (no ring)
MPRegen  0.12/turn              (no ring)

@: no status effects
A: fangs 2, regeneration 1, magic shield, antimagic bite, no potion heal 2
a: no special abilities


You were on level 3 of the Dungeon.
You visited 1 branch of the dungeon, and saw 3 of its levels.
You also visited: Sewer.

You collected 117 gold pieces.

Inventory:

Hand Weapons
 m - a +0 vorpal mace (weapon)
Armour
 a - a +0 robe (worn)
 g - a +0 cloak (worn)
Magical Staves
 b - a staff of earth
Scrolls
 c - a scroll of teleportation
Potions
 d - 3 potions of haste {unknown}
 e - 3 potions of cancellation {unknown}
 f - a potion of invisibility {unknown}
 i - 2 potions of might
 j - 2 potions of magic {unknown}
 k - a potion of attraction {unknown}
 l - a potion of degeneration {unknown}
 n - a potion of ambrosia {unknown}


   Skills:
 + Level 1.9 Fighting
 + Level 1.2 Maces & Flails
 + Level 2.4 Dodging
 - Level 2.4 Stealth
 + Level 3.2 Spellcasting
 + Level 2.4 Conjurations
 + Level 3.9 Air Magic


You had 8 spell levels left.
You knew the following spells:

 Your Spells              Type           Power      Damage    Failure   Level
a - Shock                 Conj/Air       48%        1d6       5%          1
b - Static Discharge      Conj/Air       12%        N/A       8%          2

Your spell library contained the following spells:

 Spells                   Type           Power      Damage    Failure   Level
 Swiftness                Air            14%        N/A       12%         3
 Apportation              Tloc           4%         N/A       21%         1
 Airstrike                Air            7%         N/A       36%         4


Dungeon Overview and Level Annotations

Branches:
Dungeon (3/15)              Sewer (visited)

Altars:
Elyvilon
Okawaru


Innate Abilities, Weirdness & Mutations

You have extremely sharp teeth.
Your natural rate of healing is unusually fast.
When hurt, damage is shared between your health and your magic reserves.
Your bite disrupts and absorbs the magic of your enemies.
Potions cannot restore your health.


Message History

Confirm with . or Enter, or press ? or * to list all spells.
Aiming: Shock (safe; 5% risk of failure)
Press: ? - help, Shift-Dir - straight line, f/p - orc warrior
Aim: an orc warrior, wielding a +1 vorpal trident and wearing a +0 plate armour (heavily wounded, 68% to hit)
The zap hits the orc warrior.
The orc warrior is heavily wounded.
The orc warrior hits you from afar with a +1 vorpal trident!
Casting: Shock (safe; 5% risk of failure)
Confirm with . or Enter, or press ? or * to list all spells.
Aiming: Shock (safe; 5% risk of failure)
Press: ? - help, Shift-Dir - straight line, f/p - orc warrior
Aim: an orc warrior, wielding a +1 vorpal trident and wearing a +0 plate armour (heavily wounded, 68% to hit)
Okay, then.
Casting: Shock (safe; 5% risk of failure)
Confirm with . or Enter, or press ? or * to list all spells.
Aiming: Shock (safe; 5% risk of failure)
Press: ? - help, Shift-Dir - straight line, f/p - orc warrior
Aim: an orc warrior, wielding a +1 vorpal trident and wearing a +0 plate armour (heavily wounded, 68% to hit)
The zap hits the orc warrior but does no damage.
The orc warrior is heavily wounded.
The orc warrior hits you from afar with a +1 vorpal trident.
Casting: Shock (safe; 5% risk of failure)
Confirm with . or Enter, or press ? or * to list all spells.
The orc warrior is struck by an arc of lightning.
The orc warrior is severely wounded.
You are struck by an arc of lightning.
The lightning grounds out.
The orc warrior barely misses you.
Unknown command.
You hit the orc warrior but do no damage.
The orc warrior is severely wounded.
The orc warrior hits you with a +1 vorpal trident!
The orc warrior closely misses you.
You hit the orc warrior but do no damage.
You bite the orc warrior, but do no damage.
The orc warrior is severely wounded.
The orc warrior hits you with a +1 vorpal trident!
* * * LOW HITPOINT WARNING * * *
x2 Unknown command.
The orc warrior hits you from afar with a +1 vorpal trident.
You die...

#........# #.#######...#####
##........#######.##.............
........[........................
###.......#.#####..#.............
##.......#.##.....######...#####
#........#.##.##..# #........
##.#####....##.##..## #...#####
..........#.......#.## #...#
#.........#.....@###o# #...#
#...≈≈≈........##.#.## ##.## #
#).≈≈≈≈≈..##.####.o.######.# #
)..≈≈.≈≈..#.## #..........# #
...≈≈≈≈≈)..#* #...########*****
....≈≈≈....# ##....# *,,,,,,
..........## #.##.#####.#****
..........# ####.##.<.....# *
.....###### #....########## *


You could see an orc warrior.

Vanquished Creatures
  Terence (D:2)
  A gnoll (D:1)
  A river rat (D:3)
  10 adders
  A dart slug (D:1)
  7 orcs (D:3)
  3 endoplasms
  6 giant cockroaches
  8 goblins
  2 hobgoblins
  5 jackals (Sewer)
  A quokka (D:1)
  15 ball pythons
  3 bats (D:1)
  3 frilled lizards
  13 kobolds
  7 rats
87 creatures vanquished.

Vanquished Creatures (others)
  15 plants (Sewer)
15 creatures vanquished.

Grand Total: 102 creatures vanquished

Notes
Turn   | Place    | Note
-------+----------+-------------------------------------------
     0 | D:1      | Stomo444 the Vine Stalker Air Elementalist began the quest
                  | for the Orb.
     0 | D:1      | Reached XP level 1. HP: 9/9 MP: 4/4
   348 | D:1      | Reached XP level 2. HP: 14/14 MP: 1/6
   364 | D:1      | Learned a level 2 spell: Static Discharge
   707 | D:1      | Found a faded altar of an unknown god.
   712 | D:1      | Got Plato's Incunabulum of Displacement
   901 | D:1      | Reached XP level 3. HP: 17/17 MP: 1/7
  1015 | D:1      | Reached skill level 1 in Fighting
  1695 | D:2      | Noticed Terence
  1703 | D:2      | Killed Terence
  1704 | D:2      | Gained mutation: Your natural rate of healing is unusually
                  | fast. [Vine Stalker growth]
  1704 | D:2      | Reached XP level 4. HP: 19/22 MP: 0/9
  2221 | D:2      | Found a white marble altar of Elyvilon.
  2510 | D:2      | Reached XP level 5. HP: 24/25 MP: 1/10
  2747 | D:3      | Found an iron altar of Okawaru.
  2886 | D:3      | Found a glowing drain.
  2911 | Sewer    | Entered a sewer
  3254 | Sewer    | Reached skill level 1 in Maces & Flails
  4251 | D:3      | Noticed an orc warrior
  4380 | D:3      | Reached XP level 6. HP: 30/30 MP: 7/11
  4392 | D:3      | HP: 1/30 [orc warrior (5)]
  4479 | D:3      | HP: 1/30 [orc warrior (2)]
  4480 | D:3      | Slain by an orc warrior

Illustrated notes

Levels and vault maps discovered:
D:1:      eino_arrival_tree_alley, layout_basic,
          shapermc_ecumenical_altar_rom_forum, st_stairs_5
D:2:      layout_loops_ring, basic_altar, roderic_malta_cross,
          roderic_serpentine_path, uniq_terence
D:3:      layout_loops_cross, overflow_temple_1_default, portal_sewer_entry_a,
          minmay_crystal_room

Skill      XL: |  1  2  3  4  5 |
---------------+----------------+-----
Fighting       | 1 |  1.9
Dodging        | 2 |  2.4
Conjurations   | 2 |  2.4
Spellcasting   | 3 |  3.2
Maces & Flails | 1 |  1.2
Stealth        | |  2.4
Air Magic      | |  3.9

Action                   |  1- 3 |  4- 6 || total
-------------------------+-------+-------++-------
Melee: Staff             |    24 |       ||    24
       Bite              |     6 |     7 ||    13
       Dagger            |     1 |       ||     1
       Mace              |       |    21 ||    21
 Cast: Shock             |    52 |    94 ||   146
       Static Discharge  |     4 |    27 ||    31
  Use: Scroll            |       |     7 ||     7
Armor: Robe              |    11 |     6 ||    17
Dodge: Dodged            |    18 |    42 ||    60
